 Dungeon Crawl Stone Soup version 0.18.1-50-g88ac8fd (webtiles) character file.

79 Econoterrorist the Slasher (level 4, -1/29 HPs)
             Began as a High Elf Skald on Oct 1, 2016.
             Slain by Sigmund
             ... wielding a +0 scythe
              (5 damage)
             ... on level 2 of the Dungeon.
             The game lasted 00:05:08 (2021 turns).

Econoterrorist the Slasher (High Elf Skald)         Turns: 2021, Time: 00:05:09

Health: -1/29      AC:  9    Str: 11    XL:     4   Next: 16%
Magic:  4/8        EV: 10    Int: 17    God:
Gold:   69         SH:  0    Dex: 14    Spells: 2 memorised, 4 levels left

rFire  . . .     SeeInvis .     a - +0 falchion
rCold  + . .     Gourm    .     o - +4 ring mail {rC+}
rNeg   . . .     Faith    .     (no shield)
rPois  .         Spirit   .     (no helmet)
rElec  .         Dismiss  .     (no cloak)
rCorr  .         Reflect  .     (no gloves)
SustAt .         Harm     .     (no boots)
MR     .....                    (no amulet)
Stlth  +.........               (no ring)
                                (no ring)

@: very slightly contaminated, not resistant to hostile enchantments, very
unstealthy
A: no striking features
a: no special abilities


You were on level 2 of the Dungeon.
You were not hungry.

You visited 1 branch of the dungeon, and saw 2 of its levels.

You collected 69 gold pieces.

Inventory:

Hand Weapons
 a - a +0 falchion (weapon)
Armour
 o - a +4 ring mail of cold resistance (worn)
Scrolls
 i - a scroll of remove curse
Potions
 k - a potion of ambrosia {unknown}
 l - a potion of degeneration {unknown}
 m - a potion of curing {unknown}
 p - a potion of agility {unknown}
Books
 c - a book of Battle

   Spells                             Type                      Level
   a - Infusion                       Charms                       1
   b - Shroud of Golubria             Charms/Translocation         2
   c - Song of Slaying                Charms                       2
   d - Spectral Weapon                Hexes/Charms                 3
   e - Regeneration                   Charms/Necromancy            3
Comestibles
 d - 2 bread rations
 h - 2 fruits


   Skills:
 - Level 2.0 Fighting
 + Level 5.4 Long Blades
 - Level 0.8 Armour
 - Level 1.1 Dodging
 - Level 2.4 Spellcasting
 - Level 3.6 Charms


You had 4 spell levels left.
You knew the following spells:

 Your Spells              Type           Power        Failure   Level  Hunger
a - Infusion              Chrm           ##..         12%         1    #......
b - Shroud of Golubria    Chrm/Tloc      #.........   38%         2    ##.....


Dungeon Overview and Level Annotations

Branches:
Dungeon (2/15)

Altars:

Annotations:
D:2 Sigmund


Message History

Sigmund closely misses you.
Casting: Shroud of Golubria
Confirm with . or Enter, or press ? or * to list all spells.
Space distorts slightly along a thin shroud covering your body.
You barely miss Sigmund.
Sigmund is heavily wounded.
Sigmund closely misses you.
You barely miss Sigmund.
Sigmund is heavily wounded.
Sigmund hits you with a scythe!
Your shroud falls apart!
You hit Sigmund.
Sigmund is severely wounded.
Sigmund casts a spell at you. The puff of flame hits you!
* * * LOW HITPOINT WARNING * * *
You hit Sigmund but do no damage.
Sigmund is severely wounded.
Sigmund hits you with a scythe.
You die...

......##....(.#
......#######.###
...#..# #...#
...#..#
###{######
....... #.#....#
..(....#
#.#.##.###
.......#
#...#....#
...###..
###########.## ..
..#
#<[...@@.....#
##############


You could see Sigmund.

Vanquished Creatures
  Ijyb (D:2)
  2 adders (D:2)
  A dart slug (D:1)
  A giant gecko (D:1)
  2 bats (D:1)
  3 giant cockroaches
  3 goblins
  4 hobgoblins
  7 kobolds
  A ball python (D:1)
  3 giant newts (D:1)
  4 rats (D:1)
32 creatures vanquished.

Notes
Turn   | Place    | Note
--------------------------------------------------------------
     0 | D:1      | Econoterrorist the High Elf Skald began the quest for the Orb.
     0 | D:1      | Reached XP level 1. HP: 14/14 MP: 4/4
   355 | D:1      | Reached skill level 3 in Long Blades
   474 | D:1      | Reached XP level 2. HP: 13/19 MP: 6/6
  1125 | D:2      | Reached skill level 4 in Long Blades
  1132 | D:2      | Reached XP level 3. HP: 22/24 MP: 2/7
  1177 | D:2      | Noticed Ijyb
  1198 | D:2      | Killed Ijyb
  1198 | D:2      | Reached skill level 5 in Long Blades
  1503 | D:2      | Reached XP level 4. HP: 29/29 MP: 4/8
  1670 | D:2      | Noticed Sigmund
  1994 | D:1      | Learned a level 2 spell: Shroud of Golubria
  2021 | D:2      | Slain by Sigmund

Skill      XL: |  1  2  3 |
---------------+----------+-----
Long Blades    | 3 4 5 |  5.4
Fighting       | |  2.0
Armour         | |  0.8
Dodging        | |  1.1
Spellcasting   | |  2.4
Charms         | |  3.6

Action                   |  1- 3 |  4- 6 || total
-------------------------+-------+-------++-------
Melee: Falchion          |    96 |    44 ||   140
 Cast: Infusion          |     4 |     1 ||     5
       Shroud of Golubri |       |     2 ||     2
  Use: Scroll            |     1 |     3 ||     4
       Potion            |       |     2 ||     2
  Eat: Chunk             |     1 |     2 ||     3
       Fruit             |     1 |       ||     1
Armor: Leather armour    |    43 |       ||    43
       Ring mail         |     1 |    16 ||    17
       Skin              |       |     9 ||     9
Dodge: Dodged            |    61 |    27 ||    88
